Map: Acid Plant LE

Players

Pacane

  • Race: Zerg Zerg
  • League: Platinum
  • Spawn Location: 11:00

Graveyard - Winner!

  • Race: Zerg Zerg
  • League: Diamond
  • Spawn Location: 5:00

VOD

Have the link to the VOD?

Description

Time

  • Played on: April 19, 2018, 7:15 p.m.
  • Length: 7:22
Show
View Real Time Build Order
Export as new Build Order

Pacane Zerg 

Build Orders: Hatch First 

Get SALT Encoding   

  12  0:01  Drone  
  13  0:12  Overlord  
  13  0:16  Drone  
  14  0:31  Drone x2  
  14  0:34  Drone  
  17  0:54  Hatchery  
  17  0:56  Drone  
  17  0:59  Drone  
  18  1:10  Extractor  
  17  1:15  Spawning Pool  
  17  1:17  Drone  
  17  1:21  Drone  
  18  1:28  Drone  
  19  1:45  Drone  
  20  1:49  Overlord  
  20  2:02  Queen  
  20  2:06  Queen  
  20  2:07  Zergling x2  
  20  2:08  Zergling x2  
  26  2:18  Drone x2  
  28  2:23  Baneling Nest  
  28  2:29  Drone x2  
  29  2:39  Metabolic Boost  
  29  2:48  Zergling x2  
  29  2:49  Zergling x4  
  32  2:52  Drone  
  32  2:54  Drone  
  34  3:07  Overlord x2  
  34  3:15  Baneling x2  
  34  3:28  Baneling  
  34  3:30  Baneling  
  34  3:42  Drone x7  
  41  3:56  Lair, Extractor  
  41  3:57  Drone  
  41  3:58  Drone  
  41  3:59  Drone  
  43  4:12  Zergling x2  
  33  4:25  Drone x4  
  34  4:41  Zergling x2  
  34  4:42  Zergling x12  
  25  5:03  Zergling x2  
  25  5:04  Zergling x2  
  24  5:09  Spine Crawler  
  24  5:10  Spine Crawler x3  
  24  5:11  Spine Crawler  
  24  5:12  Spine Crawler  
  24  5:13  Spine Crawler  
  13  5:18  Zergling x2  
  11  6:13  Queen  
  13  6:36  Drone  
  13  6:37  Drone x3  
  14  7:01  Roach Warren  
Show
View Real Time Build Order
Export as new Build Order

Graveyard Zerg - Winner!

Build Orders: Hatch First 

Get SALT Encoding   

  12  0:00  Drone  
  13  0:15  Overlord  
  13  0:21  Drone  
  14  0:35  Drone x2  
  16  0:37  Drone  
  17  0:55  Drone  
  17  0:56  Hatchery  
  17  0:59  Drone  
  18  1:08  Extractor  
  17  1:13  Spawning Pool  
  17  1:16  Drone  
  17  1:20  Drone  
  18  1:36  Drone  
  19  1:53  Overlord  
  19  2:00  Zergling x2  
  20  2:05  Baneling Nest  
  20  2:06  Drone  
  20  2:10  Queen, Zergling x2  
  20  2:11  Queen  
  20  2:14  Zergling x2  
  26  2:26  Zergling x4  
  26  2:29  Drone  
  29  2:35  Drone  
  30  2:43  Drone  
  31  2:47  Metabolic Boost  
  31  3:12  Zergling x10  
  36  3:20  Overlord x2  
  36  3:28  Overlord  
  36  3:41  Baneling x4  
  36  3:42  Baneling  
  36  3:44  Zergling x8  
  40  3:48  Queen  
  40  3:53  Drone  
  43  3:57  Drone x2  
  42  4:27  Zergling x10  
  46  4:39  Zergling x12  
  52  4:48  Zergling x2  
  53  4:52  Drone  
  53  4:53  Drone  
  53  4:58  Extractor  
  51  5:04  Hatchery  
  44  5:07  Zergling x4  
  45  5:18  Drone x2  
  45  5:20  Baneling x4  
  45  5:21  Baneling x5  
  47  5:25  Drone x6  
  47  5:57  Baneling  
  47  5:58  Baneling x3  
  47  6:01  Drone x2, Roach Warren  
  48  6:11  Zergling x20  
  48  6:13  Baneling  
  48  6:14  Baneling  
  53  6:35  Zergling x14  
  60  6:53  Roach x3  
  65  7:19  Extractor  
  65  7:20  Extractor  
Tags
 
Add a new tag
Caveats
  • Supply blocks, unpowered buildings, or Contaminate may cause inaccurate times.
  • Supply counts are checked every 10 seconds.